 Dungeon Crawl Stone Soup version 0.28.0-45-g0d030f2227 (webtiles) character file.

Game seed: 3183569524712344500

79 Icepheonix32 the Skirmisher (level 4, 0/36 HPs)
             Began as a Demonspawn Fighter on Apr 7, 2022.
             Slain by a gnoll shaman
             ... wielding a +0 whip
              (6 damage)
             ... on level 3 of the Dungeon.
             The game lasted 00:02:58 (2000 turns).

Icepheonix32 the Skirmisher (Demonspawn Fighter)    Turns: 2000, Time: 00:02:58

Health: 0/36       AC:  9    Str: 19    XL:     4   Next: 17%
Magic:  4/4        EV:  9    Int:  9    God:
Gold:   74         SH:  4    Dex: 12    Spells: 3/3 levels left

rFire   . . .      SeeInvis .   a - +0 long sword
rCold   . . .      Faith    .   c - +0 buckler
rNeg    . . .      Spirit   .   b - +0 scale mail
rPois   .          Reflect  .   (no helmet)
rElec   .          Harm     .   o - +0 cloak
rCorr   .          Rampage  .   (no gloves)
Will    .....                   (no boots)
Stlth   ..........              (no amulet)
HPRegen 0.12/turn               (no ring)
MPRegen 0.09/turn               (no ring)

@: no status effects
A: rugged brown scales 1, powered by pain 1
a: no special abilities


You were on level 3 of the Dungeon.
You visited 1 branch of the dungeon, and saw 3 of its levels.

You collected 74 gold pieces.

Inventory:

Hand Weapons
 a - a +0 long sword (weapon)
 j - a +0 short sword of distortion
 l - a +1 dagger of freezing
Missiles
 e - 3 javelins (quivered)
Armour
 b - a +0 scale mail (worn)
 c - a +0 buckler (worn)
 o - a +0 cloak (worn)
Jewellery
 k - an amulet of magic regeneration
Scrolls
 f - 3 scrolls of identify {unknown}
 h - a scroll of teleportation {unknown}
 i - a scroll of fear {unknown}
 m - a scroll of fog {unknown}
Potions
 d - a potion of might
 g - a potion of cancellation {unknown}
 n - a potion of heal wounds {unknown}


   Skills:
 + Level 3.5 Fighting
 - Level 2.2 Long Blades
 + Level 0.1 Throwing
 + Level 3.4 Armour
 + Level 1.1 Dodging
 + Level 3.0 Shields


You had 3 spell levels left.
You didn't know any spells.
Your spell library was empty.

Dungeon Overview and Level Annotations

Branches:
Dungeon (3/15)

Altars:


Innate Abilities, Weirdness & Mutations

You are partially covered in rugged brown scales. (AC +1, +3% HP)
You sometimes gain a little power by taking damage.


Message History

The gnoll is severely wounded.
The gnoll hits you with a +0 whip.
* * * LOW HITPOINT WARNING * * *
Unknown command.
You closely miss the gnoll shaman.
The gnoll shaman is moderately wounded.
Unknown command.
Throw: 6 javelins
Press: ? - help, Q - select action Shift-Dir - straight line, f - gnoll
Aim: a gnoll, wielding a +0 halberd (61% to hit)
You throw a javelin.
The javelin pierces through the gnoll shaman.
The gnoll shaman is heavily wounded.
The javelin pierces through the gnoll.
You kill the gnoll!
The javelin closely misses the gnoll.
The gnoll shaman barely misses you. The gnoll shaman closely misses you.
Throw: 5 javelins
Press: ? - help, Q - select action Shift-Dir - straight line, f/p - gnoll
Aim: a gnoll, wielding a +0 halberd (61% to hit)
You throw a javelin.
The javelin pierces through the gnoll shaman but does no damage.
The gnoll shaman is heavily wounded.
The javelin pierces through the gnoll.
The gnoll is moderately wounded.
The javelin pierces through the gnoll.
The gnoll is lightly wounded.
The gnoll shaman hits you with a +0 whip.
* * * LOW HITPOINT WARNING * * *
Throw: 4 javelins
Press: ? - help, Q - select action Shift-Dir - straight line, f/p - gnoll
Aim: a gnoll, wielding a +0 halberd (lightly wounded, 61% to hit)
You throw a javelin.
The javelin pierces through the gnoll shaman!
The gnoll shaman is almost dead.
The javelin closely misses the gnoll.
The javelin pierces through the gnoll!
The gnoll is severely wounded.
The gnoll shaman hits you with a +0 whip.
You die...

##+#. #.... #...#
#...# #.J.# #.gg#
####### #...#
#####.....#########J##
#....<..........@ggg#
#...........#########
#...........#
#...........#
#...........#
#......#....#
#......#....#
###....#....#
#....#....#


You could see a gnoll shaman, 2 gnolls and an endoplasm.

Vanquished Creatures
  5 gnolls
  A worm (D:2)
  3 dart slugs
  4 bats
  2 endoplasms
  3 goblins
  2 hobgoblins
  A ball python (D:1)
  A frilled lizard (D:1)
  3 kobolds
  A rat (D:2)
26 creatures vanquished.

Notes
Turn   | Place    | Note
-------+----------+-------------------------------------------
     0 | D:1      | Icepheonix32 the Demonspawn Fighter began the quest for the
                  | Orb.
     0 | D:1      | Reached XP level 1. HP: 18/18 MP: 1/1
   152 | D:1      | Found a faded altar of an unknown god.
   235 | D:1      | Gained mutation: You sometimes gain a little power by
                  | taking damage. [demonic ancestry]
   235 | D:1      | Reached XP level 2. HP: 23/24 MP: 2/2
  1071 | D:2      | Gained mutation: You are partially covered in rugged brown
                  | scales. (AC +1, +3% HP) [demonic ancestry]
  1071 | D:2      | Reached XP level 3. HP: 3/29 MP: 3/3
  1456 | D:2      | Reached skill level 1 in Dodging
  1822 | D:2      | Reached XP level 4. HP: 36/36 MP: 4/4
  2000 | D:3      | Slain by a gnoll shaman

Illustrated notes

Levels and vault maps discovered:
D:1:      lightli_arrival_quake, layout_loops_ring, basic_ecumenical_altar,
          minmay_fountain_box
D:2:      layout_basic
D:3:      layout_basic, serial_shops, shop

Skill      XL: |  1  2  3  4 |
---------------+-------------+-----
Long Blades    | 2 |  2.2
Armour         | 3 |  3.4
Dodging        | 1 |  1.1
Shields        | 3 |  3.0
Fighting       | |  3.5
Throwing       | |  0.1

Action                   |  1- 3 |  4- 6 || total
-------------------------+-------+-------++-------
Melee: Long sword        |    59 |    13 ||    72
Throw: Javelin           |     6 |     3 ||     9
Armor: Scale mail        |    34 |     8 ||    42
Dodge: Dodged            |    30 |    12 ||    42
Block: Buckler           |     7 |     3 ||    10
